Map: Ruins of Seras

Players

ImmortalZodd

  • Race: Zerg Zerg
  • League: Silver

AlphaNomega - Winner!

  • Race: Protoss Protoss
  • League: Silver

VOD

Have the link to the VOD?

Description

Time

  • Played on: Jan. 29, 2016, 10:04 p.m.
  • Length: 3:11
Show
View Real Time Build Order
Export as new Build Order

ImmortalZodd Zerg 

Build Orders: Hatch First 

Get SALT Encoding   

  12  0:02  Drone  
  13  0:08  Drone  
  14  0:19  Extractor  
  14  0:20  Drone  
  15  0:45  Hatchery  
  14  0:54  Extractor  
  14  0:55  Drone  
  14  1:07  Spawning Pool  
  13  1:12  Drone  
  14  1:28  Overlord  
  14  1:50  Drone x2  
  14  1:51  Drone  
  17  1:59  Queen  
  18  2:24  Zergling x8  
  18  2:25  Zergling x2  
Show
View Real Time Build Order
Export as new Build Order

AlphaNomega Protoss - Winner!

Build Orders:  

Get SALT Encoding   

  12  0:02  Probe (Chrono Boost)  
  13  0:12  Probe (Chrono Boost)  
  14  0:23  Probe (Chrono Boost)  
  14  0:24  Pylon  
  15  0:44  Gateway  
  15  0:47  Forge  
  16  1:04  Probe (Chrono Boost)  
  16  1:14  Pylon  
  16  1:15  Probe (Chrono Boost)  
  17  1:25  Probe (Chrono Boost)  
  18  1:36  Probe (Chrono Boost), Photon Cannon  
  19  1:41  Photon Cannon  
  19  1:44  Pylon  
  19  2:27  Photon Cannon  
  19  2:28  Photon Cannon  
  19  2:30  Photon Cannon  
  19  2:32  Pylon  
Tags
 
Add a new tag
Caveats
  • Supply blocks, unpowered buildings, or Contaminate may cause inaccurate times.
  • Supply counts are checked every 10 seconds.